 Dungeon Crawl Stone Soup version 0.29.1-2-gbd0b4ee654 (webtiles) character file.

Game seed: 3940153398051070147

169 qeuew the Chopper (level 5, 0/42 HPs)
             Began as a Formicid Fighter on Nov 3, 2022.
             Slain by a bullfrog (6 damage)
             ... in a sewer.
             The game lasted 00:03:22 (2042 turns).

qeuew the Chopper (Formicid Fighter)                Turns: 2042, Time: 00:03:23

Health: 0/42       AC:  7    Str: 23    XL:     5   Next: 79%
Magic:  5/5        EV:  9    Int:  7    God:
Gold:   87         SH:  5    Dex: 13    Spells: 4/4 levels left

rFire   . . .      SeeInvis +   a - +0 war axe
rCold   . . .      Faith    .   c - +0 buckler
rNeg    . . .      Spirit   .   b - +0 scale mail
rPois   .          Reflect  .   (helmet unavailable)
rElec   .          Harm     .   (no cloak)
rCorr   .          Rampage  .   (no gloves)
Will    .....                   (no boots)
Stlth   ..........              (no amulet)
HPRegen 0.14/turn               (no ring)
MPRegen 0.09/turn               (no ring)

@: no status effects
A: permanent stasis, dig shafts and tunnels, antennae 3, four strong arms
a: Dig


You were in a sewer.
You visited 1 branch of the dungeon, and saw 3 of its levels.
You also visited: Sewer.

You collected 87 gold pieces.

Inventory:

Hand Weapons
 a - a +0 war axe (weapon)
Armour
 b - a +0 scale mail (worn)
 c - a +0 buckler (worn)
Scrolls
 f - a scroll of identify {unknown}
Potions
 d - a potion of might
 e - a potion of curing {unknown}


   Skills:
 + Level 3.9 Fighting
 * Level 4.5 Axes
 + Level 3.9 Armour
 + Level 0.4 Dodging
 + Level 4.3 Shields


You had 4 spell levels left.
You didn't know any spells.
Your spell library was empty.

Dungeon Overview and Level Annotations

Branches:
Dungeon (3/15)              Sewer (1/1)

Altars:


Innate Abilities, Weirdness & Mutations

You cannot be hasted, slowed, berserked, paralysed or teleported.
You can dig through walls and to a lower floor.
You have a pair of large antennae on your head. (SInv)
Your four strong arms can wield two-handed weapons with a shield.


Message History

The giant cockroach is heavily wounded.
The giant cockroach closely misses you.
The giant cockroach splashes around in the water.
Your unstable footing causes you to fumble your attack.
The giant cockroach closely misses you.
You hit the giant cockroach.
You kill the giant cockroach!
A bullfrog comes into view.
The bullfrog gives a loud, deep croak!
You see here a quokka corpse.
Why would you want to do that?
The bullfrog hits you but does no damage.
The bullfrog attacks as you move away! You block the bullfrog's attack.
The bullfrog snags a nearby baby bat with its tongue.
The bullfrog hits you but does no damage.
The bullfrog barely misses you.
Your unstable footing causes you to fumble your attack.
The bullfrog barely misses you.
Your unstable footing causes you to fumble your attack.
The bullfrog hits you but does no damage.
You block the bullfrog's attack.
A bullfrog comes into view.
You block the bullfrog's attack. The bullfrog hits you.
The bullfrog attacks as you move away! The bullfrog misses you.
The bullfrog hits you. x2; You block the bullfrog's attack.
You hit the bullfrog.
The bullfrog is moderately wounded.
You barely miss the bullfrog. The bullfrog completely misses you.
You block the bullfrog's attack. The bullfrog hits you.
You closely miss the bullfrog.
The bullfrog is moderately wounded.
You closely miss the bullfrog. You block the bullfrog's attack. x2
The bullfrog hits you but does no damage.
The bullfrog hits you.
You barely miss the bullfrog.
The bullfrog is moderately wounded.
You closely miss the bullfrog. The bullfrog hits you!
* * * LOW HITPOINT WARNING * * *
The bullfrog closely misses you. The bullfrog hits you.
You die...

#.~≈~≈~≈~.~~.~≈≈≈≈ #†#
#.~≈~≈~≈.~.....≈≈# #~#
#.~≈≈~≈≈~.≈~~.∩~≈# #~#
#.~≈≈~≈≈≈~≈≈~~~≈≈# #~#
#.~≈≈~≈≈≈≈~≈≈≈~≈# #~#
#.~≈~~≈≈≈≈≈~≈≈≈≈# #~#
#.÷≈~†≈≈≈≈≈≈~≈≈# #.#
#.~≈~.~~F~≈†≈≈########~#
#.~≈~~.@F~~~≈≈≈≈≈~.~~~~#
#.~≈≈~~~~~~~~≈≈≈≈≈~≈~~~#
#.~~≈≈≈≈≈≈≈≈≈≈≈≈≈≈≈≈≈~.#
#..~~~~~~~~~~~~~~~~~~~.#
##.....~~~.~~~÷~..÷....#
#######################


You could see 2 bullfrogs.

Vanquished Creatures
  A gnoll (D:1)
  7 adders
  2 worms (D:2)
  A dart slug (D:1)
  10 ball pythons
  4 bats
  6 endoplasms
  12 giant cockroaches
  6 goblins
  4 hobgoblins
  3 jackals (D:1)
  7 quokkas
  11 frilled lizards
  6 kobolds
  3 rats
83 creatures vanquished.

Notes
Turn   | Place    | Note
-------+----------+-------------------------------------------
     0 | D:1      | qeuew the Formicid Fighter began the quest for the Orb.
     0 | D:1      | Reached XP level 1. HP: 18/18 MP: 1/1
   129 | D:1      | Reached XP level 2. HP: 21/24 MP: 2/2
   214 | D:1      | You fall into a shaft and drop 1 floor!
   348 | D:2      | Reached XP level 3. HP: 30/30 MP: 3/3
   821 | D:1      | Reached XP level 4. HP: 29/37 MP: 4/4
  1362 | D:3      | Found a glowing drain.
  1385 | Sewer    | Entered a sewer
  1540 | Sewer    | Reached XP level 5. HP: 42/42 MP: 5/5
  2033 | Sewer    | Noticed a bullfrog
  2038 | Sewer    | Noticed a bullfrog
  2042 | Sewer    | Slain by a bullfrog

Illustrated notes

Levels and vault maps discovered:
D:1:      shiori_arrival_elements, layout_basic, minmay_stone_trees_small
D:2:      layout_rooms, serial_glass, glass_columns_a, glass_columns_b
D:3:      layout_basic, cheibrodos_sewer_entry_drain,
          gammafunk_ghost_gnarly_gnolls
Sewer:    sewer_frog_island_01

Skill      XL: |  1  2  3  4  5 |
---------------+----------------+-----
Axes           | 3 4 |  4.5
Fighting       | |  3.9
Armour         | |  3.9
Dodging        | |  0.4
Shields        | |  4.3

Action                   |  1- 3 |  4- 6 || total
-------------------------+-------+-------++-------
Melee: War axe           |    75 |   172 ||   247
  Use: Scroll            |       |     4 ||     4
       Potion            |       |     1 ||     1
Armor: Scale mail        |    42 |   105 ||   147
Dodge: Dodged            |    44 |    87 ||   131
Block: Buckler           |    17 |    63 ||    80
